 Dungeon Crawl Stone Soup version 0.23.2-1-ga50397a (webtiles) character file.

Game seed: 15375031356025292268

42 doot the Firebug (level 3, -1/19 HPs)
             Began as a Deep Elf Fire Elementalist on May 13, 2019.
             Was an Initiate of Sif Muna.
             Slain by a gnoll
             ... wielding a +0 club
              (10 damage)
             ... on level 1 of the Dungeon.
             The game lasted 00:02:21 (1223 turns).

doot the Firebug (Deep Elf Fire Elementalist)       Turns: 1223, Time: 00:02:22

Health: -1/19      AC:  2    Str:  5    XL:     3   Next: 35%
Magic:  6/10       EV: 13    Int: 20    God:    Sif Muna [......]
Gold:   30         SH:  0    Dex: 15    Spells: 8/9 levels left

rFire    . . .     SeeInvis .   b - +0 short sword
rCold    . . .     Gourm    .   (no shield)
rNeg     . . .     Faith    .   a - +0 robe
rPois    .         Spirit   .   (no helmet)
rElec    .         Reflect  .   (no cloak)
rCorr    .         Harm     .   (no gloves)
MR       .....                  (no boots)
Stlth    +.........             (no amulet)
HPRegen  0.06/turn              k - ring of attention (curse)
MPRegen  0.12/turn              (no ring)

@: no status effects
A: no striking features
a: Renounce Religion


You were on level 1 of the Dungeon.
You worshipped Sif Muna.
Sif Muna was noncommittal.
You were not hungry.

You visited 1 branch of the dungeon, and saw 2 of its levels.

You collected 30 gold pieces.

Inventory:

Hand Weapons
 b - a +0 short sword (weapon)
Armour
 a - a +0 robe (worn)
Jewellery
 k - a cursed ring of attention (left hand)
Scrolls
 f - a scroll of fog {unknown}
 g - a scroll of enchant weapon {unknown}
 h - a scroll of magic mapping {unknown}
 i - a scroll of remove curse {unknown}
Potions
 e - a potion of curing {unknown}
 j - a potion of heal wounds {unknown}
 l - a potion of resistance {unknown}
Comestibles
 c - 6 rations


   Skills:
 + Level 2.6 Dodging
 + Level 2.5 Stealth
 + Level 3.8 Spellcasting
 + Level 1.2 Conjurations
 + Level 4.3 Fire Magic


You had 8 spell levels left.
You knew the following spells:

 Your Spells              Type           Power        Failure   Level  Hunger
a - Flame Tongue          Conj/Fire      ##...        4%          1    None

Your spell library contained the following spells:

 Spells                   Type           Power        Failure   Level  Hunger
 Throw Flame              Conj/Fire      ##....       6%          2    ##.....
 Beastly Appendage        Tmut           #.....       13%         1    None
 Conjure Flame            Conj/Fire      ##......     13%         3    ###....
 Inner Flame              Hex/Fire       ##......     16%         3    ###....
 Sticks to Snakes         Tmut           #.......     21%         2    ##.....
 Spider Form              Tmut/Pois      #.........   36%         3    ###....
 Sticky Flame             Conj/Fire      ##......     38%         4    ####...
 Fireball                 Conj/Fire      ##........   75%         5    ######.
 Ice Form                 Ice/Tmut       #.......     78%         4    ####...
 Blade Hands              Tmut           #.........   98%         5    ######.


Dungeon Overview and Level Annotations

Branches:
Dungeon (2/15)

Altars:
Sif Muna


Message History

The flame tongue hits the gnoll but does no damage.
The gnoll drinks a potion.
The gnoll seems to speed up.
Casting: Flame Tongue (safe; 4% risk of failure)
Confirm with . or Enter, or press ? or * to list all spells.
Aiming: Flame Tongue (safe; 4% risk of failure)
Press: ? - help, Shift-Dir - straight line, f/p - gnoll
Aim: a gnoll, wielding a +0 club (fast)
The flame tongue hits the gnoll.
The gnoll is moderately wounded.
The gnoll closely misses you. The gnoll hits you but does no damage.
Casting: Flame Tongue (safe; 4% risk of failure)
Confirm with . or Enter, or press ? or * to list all spells.
Aiming: Flame Tongue (safe; 4% risk of failure)
Press: ? - help, Shift-Dir - straight line, f/p - gnoll
Aim: a gnoll, wielding a +0 club (moderately wounded, fast)
The flame tongue hits the gnoll.
The gnoll is heavily wounded.
The gnoll hits you with a +0 club!
Ouch! That really hurt!
You die...

#.# #.###....##.⌠.#..)..#.⌠.# #.#
#........##...#.....#...# #.#
#####.##..#####.....##### #.#
#.##.#............... #.#
#.##................. #.#
#.##.........<...)... #^#
#.##.#(.............. #.#
#.##.#..........)....
###.#########.##@######.....#####
................g.#...#.....#...#
###################.⌠.#.....#.⌠.#
# ##...#.....#...# #
######.....##### # #.........####
# #.#######..... # #.# ###### #
#.#


You could see a gnoll.

Vanquished Creatures
  2 adders (D:2)
  A dart slug (D:1)
  3 giant cockroaches (D:1)
  3 goblins (D:1)
  3 hobgoblins (D:1)
  3 kobolds
  3 bats (D:1)
  2 frilled lizards (D:1)
  4 rats
24 creatures vanquished.

Notes
Turn   | Place    | Note
-------+----------+-------------------------------------------
     0 | D:1      | doot the Deep Elf Fire Elementalist began the quest for the
                  | Orb.
     0 | D:1      | Reached XP level 1. HP: 10/10 MP: 6/6
   164 | D:1      | Reached XP level 2. HP: 15/15 MP: 4/8
   749 | D:2      | Found a deep blue altar of Sif Muna.
   767 | D:2      | Became a worshipper of Sif Muna the Loreminder
   909 | D:2      | Reached skill level 4 in Fire Magic
   909 | D:2      | Reached XP level 3. HP: 12/19 MP: 1/10
  1223 | D:1      | Slain by a gnoll

Skill      XL: |  1  2 |
---------------+-------+-----
Fire Magic     | 4 |  4.3
Dodging        | |  2.6
Stealth        | |  2.5
Spellcasting   | |  3.8
Conjurations   | |  1.2

Action                   || total
-------------------------++-------
 Cast: Flame Tongue      ||    46
  Eat: Chunk             ||     1
Armor: Robe              ||     1
Dodge: Dodged            ||    10
